 Dungeon Crawl Stone Soup version 0.29.0-15-g675c0067aa (webtiles) character file.

Game seed: 14310367703644035877

4 qw the Sneak (level 1, -3/14 HPs)
             Began as a Gargoyle Delver on Sept 11, 2022.
             Killed by nerve-wracking pain
             ... invoked by an orc priest
              (5 damage)
             ... on level 4 of the Dungeon.
             The game lasted 00:00:03 (209 turns).

qw the Sneak (Gargoyle Delver)                       Turns: 209, Time: 00:00:03

Health: -3/14      AC:  5    Str: 15    XL:     1   Next: 70%
Magic:  1/1        EV: 11    Int: 10    God:
Gold:   22         SH:  0    Dex: 11    Spells: 0/0 levels left

rFire   . . .      SeeInvis .   Y - +0 hand axe
rCold   . . .      Faith    .   (no shield)
rNeg    + . .      Spirit   .   b - +0 leather armour
rPois   inf        Reflect  .   (no helmet)
rElec   +          Harm     .   (no cloak)
rCorr   .          Rampage  .   (no gloves)
Will    .....                   (no boots)
Stlth   +++.......              (no amulet)
HPRegen 0.04/turn               (no ring)
MPRegen 0.07/turn               (no ring)

@: no status effects
A: sickness immunity, AC +2, negative energy resistance 1, electricity
resistance, torment resistance 1, petrification resistance
a: no special abilities


You were on level 4 of the Dungeon.
You visited 1 branch of the dungeon, and saw 2 of its levels.

You collected 22 gold pieces.


Innate Abilities, Weirdness & Mutations

You are immune to sickness and miasma.
Your stone body is resilient. (AC +2)
You are immune to poison.
You resist negative energy. (rN+)
You are resistant to electric shocks. (rElec)
You are resistant to unholy torment.
You are immune to petrification.


   Skills:
 - Level 3.2 Fighting
 + Level 2.2 Axes
 - Level 1.5 Dodging
 - Level 5.4 Stealth


You couldn't memorise any spells.
You didn't know any spells.
Your spell library was empty.

Inventory:

Hand Weapons
 Y - a +0 hand axe (weapon)
Armour
 b - a +0 leather armour (worn)
Wands
 g - a wand of digging (3)
Potions
 f - a potion of haste
 i - a potion of degeneration {unknown}

Dungeon Overview and Level Annotations

Branches:
Dungeon (5/15)
 Temple: D:4-7

Altars:


Message History

The goblin is moderately wounded.
The goblin barely misses you.
You closely miss the goblin.
The goblin is moderately wounded.
The goblin hits you with a +0 dagger. x2
You hit the goblin.
You kill the goblin!
You start resting.
An orc comes into view. It is wielding a +0 club.
The orc shouts!
You hear a shout! x6; You hear a bark!
You hear a shout! x2
You hit the orc.
The orc is heavily wounded.
An orc comes into view. It is wielding a +0 flail.
The orc hits you but does no damage.
You barely miss the orc.
The orc is heavily wounded.
The orc closely misses you.
You slash the orc!
You kill the orc!
Your Axes skill increases to level 2!
An orc priest comes into view. It is wielding a +0 dagger.
204 ||| Stepping ~*~*~tactically~*~*~ (stealth).
There is a stone staircase leading down here.
You hit the orc.
The orc is heavily wounded.
The orc hits you with a +0 flail. x2
You closely miss the orc.
The orc is heavily wounded.
The orc hits you with a +0 flail!
Ouch! That really hurt!
You closely miss the orc. You punch the orc, but do no damage.
The orc is heavily wounded.
The orc misses you.
You hit the orc.
You kill the orc!
You hit the orc priest.
The orc priest is moderately wounded.
The orc priest mumbles some strange prayers to Beogh against you.
Pain shoots through your body!
You die...

.o .# o# o#
.# .#
####.######
#@oo......+
####.#.####
..o .### .#
.. .# .#


You could see 2 orc priests.

Vanquished Creatures
  2 orcs (D:4)
  A goblin (D:4)
3 creatures vanquished.

Notes
Turn   | Place    | Note
-------+----------+-------------------------------------------
     0 | D:5      | qw the Gargoyle Delver began the quest for the Orb.
     0 | D:5      | Reached XP level 1. HP: 14/14 MP: 1/1
     0 | D:5      | 0 ||| qw: Version: 0.1-a-118-gb4e7ce6
     0 | D:5      | 0 ||| qw: Game counter: 10248
     0 | D:5      | 0 ||| qw: Always use a shield: true
     0 | D:5      | 0 ||| qw: God list: Okawaru
     0 | D:5      | 0 ||| qw: Allow faded altars: false
     0 | D:5      | 0 ||| qw: Do Orc after D:15 true
     0 | D:5      | 0 ||| qw: Do second Lair branch before Depths: true
     0 | D:5      | 0 ||| qw: Lair rune preference: random
     0 | D:5      | 0 ||| qw: Plans: Normal
     0 | D:5      | 0 ||| PLANNING D:1-11
   148 | D:5      | 148 ||| READING scroll labelled AZENLY HISCHOAJA.
   149 | D:5      | 149 ||| DROPPING scroll of fog.
   150 | D:5      | 150 ||| DROPPING scroll of magic mapping.
   151 | D:5      | 151 ||| DROPPING scroll of fear.
   158 | D:4      | Noticed an orc priest
   159 | D:4      | 159 ||| Stepping ~*~*~tactically~*~*~ (hiding).
   203 | D:4      | Noticed an orc priest
   204 | D:4      | 204 ||| Stepping ~*~*~tactically~*~*~ (stealth).
   206 | D:4      | HP: 2/14 [orc/+0 flail (7)]
   209 | D:4      | Killed from afar by an orc priest

Levels and vault maps discovered:
D:4:      layout_basic, demons_altar, minmay_temple_entry_slanted
D:5:      layout_loops_ring, chequers_ossuary_entry_cave

Skill      XL: |  1 |
---------------+----+-----
Axes           | 2 |  2.2
Fighting       | |  3.2
Dodging        | |  1.5
Stealth        | |  5.4

Action                   || total
-------------------------++-------
Melee: Hand axe          ||    13
       Punch             ||     1
  Use: Scroll            ||     1
Armor: Leather armour    ||     1
Dodge: Dodged            ||     5

Table legend:
 A = Non-vault XP
 B = Vault XP
 C = Vault XP percentage of total XP
 D = Non-vault monster count
 E = Vault monster count
 F = Vault count percentage of total count
                 A         B        C        D         E       F
            +---------+---------+-------+---------+---------+-------
      Total |       7 |       0 |   0.0 |       3 |       0 |   0.0
            +---------+---------+-------+---------+---------+-------
        D:4 |       7 |       0 |   0.0 |       3 |       0 |   0.0
            +---------+---------+-------+---------+---------+-------
